 Dungeon Crawl Stone Soup version 0.28-a0-657-g71136c5590 (webtiles) character file.

Game seed: 7560717014439631576

11 lawman0 the Covert (level 2, -1/29 HPs)
             Began as a Gnoll Delver on Oct 13, 2021.
             Slain by a wyvern skeleton (8 damage)
             ... on level 5 of the Dungeon.
             The game lasted 00:00:42 (133 turns).

lawman0 the Covert (Gnoll Delver)                    Turns: 133, Time: 00:00:43

Health: -1/29      AC:  3    Str: 11    XL:     2   Next: 29%
Magic:  2/2        EV: 13    Int:  9    God:
Gold:   0          SH:  0    Dex: 13    Spells: 1/1 levels left

rFire   . . .      SeeInvis .   a - +0 mace
rCold   . . .      Faith    .   (no shield)
rNeg    . . .      Spirit   .   b - +0 leather armour
rPois   .          Reflect  .   (no helmet)
rElec   .          Harm     .   (no cloak)
rCorr   .          Rampage  .   (no gloves)
Will    .....                   (no boots)
Stlth   ++++......              (no amulet)
HPRegen 0.09/turn               (no ring)
MPRegen 0.08/turn               (no ring)

@: no status effects
A: fangs 1, strong nose, distributed training
a: no special abilities


You were on level 5 of the Dungeon.
You visited 1 branch of the dungeon, and saw 1 of its levels.

Inventory:

Hand Weapons
 a - a +0 mace (weapon)
Missiles
 d - 23 stones
 h - 19 poisoned darts (quivered)
Armour
 b - a +0 leather armour (worn)
Wands
 g - a wand of digging (3)
Scrolls
 c - a scroll of fog
 e - a scroll of fear
Potions
 f - a potion of haste


   Skills:
 + Level 6.4 Fighting
 + Level 0.3 Short Blades
 + Level 0.3 Long Blades
 + Level 0.3 Axes
 + Level 4.4 Maces & Flails
 + Level 0.3 Polearms
 + Level 0.3 Staves
 + Level 0.3 Slings
 + Level 0.3 Bows
 + Level 0.3 Crossbows
 + Level 0.3 Throwing
 + Level 0.3 Armour
 + Level 4.4 Dodging
 + Level 9.5 Stealth
 + Level 0.3 Shields
 + Level 0.3 Unarmed Combat
 + Level 0.3 Spellcasting
 + Level 0.2 Conjurations
 + Level 0.2 Hexes
 + Level 0.2 Summonings
 + Level 0.2 Necromancy
 + Level 0.2 Translocations
 + Level 0.2 Transmutations
 + Level 0.2 Fire Magic
 + Level 0.2 Ice Magic
 + Level 0.2 Air Magic
 + Level 0.2 Earth Magic
 + Level 0.2 Poison Magic
 + Level 0.4 Invocations
 + Level 0.3 Evocations


You had one spell level left.
You didn't know any spells.
Your spell library was empty.

Dungeon Overview and Level Annotations

Branches:
Dungeon (5/15)
 Temple: D:4-7

Altars:


Innate Abilities, Weirdness & Mutations

You have very sharp teeth.
Your uncanny sense of smell can sniff out nearby items.
Your experience applies equally to all skills.


Message History

The howler monkey zombie hits you. The howler monkey zombie misses you.
You sock the howler monkey zombie!
The howler monkey zombie is heavily damaged.
The howler monkey zombie hits you but does no damage.
You thump the howler monkey zombie!
The howler monkey zombie is almost destroyed.
The howler monkey zombie closely misses you.
You hit the howler monkey zombie.
You destroy the howler monkey zombie!
You have reached level 2!
You start resting.
HP restored.
The wyvern skeleton misses you.
You hit the wyvern skeleton.
The wyvern skeleton is lightly damaged.
The wyvern skeleton closely misses you.
You sock the wyvern skeleton! You bite the wyvern skeleton.
The wyvern skeleton is heavily damaged.
The wyvern skeleton bites you! The wyvern skeleton bites you.
You barely miss the wyvern skeleton.
The wyvern skeleton is heavily damaged.
The wyvern skeleton misses you.
You barely miss the wyvern skeleton.
The wyvern skeleton is heavily damaged.
The wyvern skeleton barely misses you. The wyvern skeleton bites you!
You hit the wyvern skeleton.
The wyvern skeleton is heavily damaged.
The wyvern skeleton closely misses you.
You are too injured to fight recklessly!
You sock the wyvern skeleton!
The wyvern skeleton is almost destroyed.
The wyvern skeleton bites you.
* * * LOW HITPOINT WARNING * * *
The wyvern skeleton misses you.
You are too injured to fight recklessly!
You are too injured to fight recklessly!
You barely miss the wyvern skeleton.
The wyvern skeleton is almost destroyed.
The wyvern skeleton bites you!
You die...

######.##...# #
#.##.#################****** #
#.##.#................,,,,,, #
#.##...#.#########.###**,**, #
#......#.# *,* *,**, ###
#......#.# *,* *,**, ..#
#......#.# *,* *,**, #.#*
##.....#.#######****** *,**,
#..#*#.........Z@...#_,*,_* *,**,
.....#........#######,,,,,* *,**,
####..........#****,,,,,,** *,**,
,,,,.#.........,,,,,*,,,,,* *,**,
#***,........##******_,*,_***,**,
,∆,*,,.......* *******,,,**,
**,*,,.......***********,,******,
,*,*,,,...###,,,,,,,,,,,,,* *,
,*,*,,***** *,**********,** *,


You could see a wyvern skeleton.

Vanquished Creatures
  A howler monkey zombie (D:5)
1 creature vanquished.

Notes
Turn   | Place    | Note
-------+----------+-------------------------------------------
     0 | D:5      | Reached skill level 9 in Stealth
     0 | D:5      | lawman0 the Gnoll Delver began the quest for the Orb.
     0 | D:5      | Reached XP level 1. HP: 23/23 MP: 1/1
    66 | D:5      | Reached XP level 2. HP: 24/29 MP: 2/2
   133 | D:5      | Slain by a wyvern skeleton

Illustrated notes

Levels and vault maps discovered:
D:5:      layout_loops_ring, mainiacjoe_overflow_alcove_3, serial_shops,
          shop_statue, nicolae_shop_overgrown_old_shop,
          nicolae_inconvenience_store, nicolae_shop_waterfront,
          hangedman_abyss_or_decor_slice, uniq_grinder

Skill      XL: | |
---------------+-+-----
Stealth        | |  9.5
Fighting       | |  6.4
Short Blades   | |  0.3
Long Blades    | |  0.3
Axes           | |  0.3
Maces & Flails | |  4.4
Polearms       | |  0.3
Staves         | |  0.3
Slings         | |  0.3
Bows           | |  0.3
Crossbows      | |  0.3
Throwing       | |  0.3
Armour         | |  0.3
Dodging        | |  4.4
Shields        | |  0.3
Unarmed Combat | |  0.3
Spellcasting   | |  0.3
Conjurations   | |  0.2
Hexes          | |  0.2
Summonings     | |  0.2
Necromancy     | |  0.2
Translocations | |  0.2
Transmutations | |  0.2
Fire Magic     | |  0.2
Ice Magic      | |  0.2
Air Magic      | |  0.2
Earth Magic    | |  0.2
Poison Magic   | |  0.2
Invocations    | |  0.4
Evocations     | |  0.3

Action                   || total
-------------------------++-------
Melee: Mace              ||    11
       Bite              ||     1
  Use: Scroll            ||     1
Armor: Leather armour    ||     1
Dodge: Dodged            ||     8

Table legend: (Time is in decaauts)
 A = Elapsed time spent in this place.
 B = Non-inter-level travel time spent in this place.
 C = Inter-level travel time spent in this place.
 D = Time resting spent in this place.
 E = Time spent auto-exploring this place.
 F = Levels seen in this place.
 G = Mean time per level.
                   A        B        C        D        E       F      G
               +--------+--------+--------+--------+--------+-----+--------+
         Total |    134 |    134 |      0 |     45 |      0 |   1 |  134.0 |
       Dungeon |    134 |    134 |      0 |     45 |      0 |   1 |  134.0 |
               +--------+--------+--------+--------+--------+-----+--------+

Top non-repeatable levels by time:
     D:5: 134 daAuts
